 Dungeon Crawl Stone Soup version 0.31-a0-986-g5e6e4ef867 (webtiles) character file.

Game seed: 15109274313969333882

39 promet the Stinger (level 3, -6/20 HPs)
             Began as a Deep Elf Venom Mage on Nov 21, 2023.
             Mangled by a worm (9 damage)
             ... on level 2 of the Dungeon.
             The game lasted 00:07:43 (2759 turns).

promet the Stinger (Deep Elf Venom Mage)            Turns: 2759, Time: 00:07:44

Health: -6/20      AC:  5    Str:  7    XL:     3   Next: 28%
Magic:  8/9        EV: 12    Int: 19    God:
Gold:   31         SH:  0    Dex: 15    Spells: 5/8 levels left

rFire   . . .        a - +1 hand axe (heavy)
rCold   + . .        (no shield)
rNeg    . . .        h - +2 leather armour {rC+}
rPois   .            (no helmet)
rElec   .            (no cloak)
rCorr   .            (no gloves)
SInv    .            (no boots)
Will    .....        (no amulet)
Stlth   ++           (no ring)
HPRegen 0.23/turn    (no ring)
MPRegen 0.11/turn

%: no passive effects
@: no status effects
A: no striking features
a: no special abilities


You were on level 2 of the Dungeon.
You visited 1 branch of the dungeon, and saw 2 of its levels.

You collected 31 gold pieces.

Inventory:

Hand Weapons
 a - a +1 heavy hand axe (weapon)
 f - a +0 dagger
Missiles
 d - 11 stones (quivered)
Armour
 h - a +2 leather armour of cold resistance (worn)
Jewellery
 c - a ring of ice
Scrolls
 i - a scroll of torment
Potions
 b - a potion of magic
 e - a potion of brilliance {unknown}
 g - a potion of lignification {unknown}


   Skills:
 * Level 0.4 Fighting
 + Level 3.0 Dodging
 + Level 2.5 Stealth
 + Level 3.4 Spellcasting
 + Level 1.1 Transmutations
 * Level 4.1 Poison Magic


You had 5 spell levels left.
You knew the following spells:

 Your Spells              Type           Power      Damage    Failure   Level
a - Sting                 Tmut/Pois      52%        1d5       8%          1
b - Poisonous Vapours     Pois/Air       22%        N/A       14%         2

Your spell library contained the following spells:

 Spells                   Type           Power      Damage    Failure   Level
 Mephitic Cloud           Conj/Pois/Air  8%         N/A       36%         3
 Olgreb's Toxic Radiance  Pois           18%        N/A       38%         4


Dungeon Overview and Level Annotations

Branches:
Dungeon (2/15)

Altars:


Message History

You slash the frilled lizard!
You kill the frilled lizard!
There is a stone staircase leading down here.
A ball python comes into view.
The helpless ball python fails to defend itself.
You hit the ball python.
You kill the ball python!
You see here a ball python corpse.
A worm comes into view.
Found a ring mail.
The helpless worm fails to defend itself.
You slash the worm!
The worm is severely wounded.
The worm bites you.
A ball python comes into view.
You barely miss the worm.
The worm is severely wounded.
The worm bites you.
You hit the worm.
The worm is severely wounded.
The worm closely misses you.
You hit the worm.
The worm is severely wounded.
The worm bites you. The ball python barely misses you.
The ball python grabs you. The ball python constricts you.
Casting: Sting (safe; 8% risk of failure)
Confirm with . or Enter, or press ? or * to list all spells.
Aiming: Sting (safe; 8% risk of failure)
Press: ? - help, Shift-Dir - straight line, f - ball python
Aim: a ball python (constricting you, 68% to hit)
The sting misses the ball python.
The worm bites you.
* * * LOW HITPOINT WARNING * * *
The ball python bites you but does no damage.
The ball python constricts you.
* * * LOW HITPOINT WARNING * * *
Okay, then.
You escape the ball python's grasp.
The ball python barely misses you. The ball python misses you.
The worm attacks as it pursues you! The worm bites you!
You die...

.....## ..## ...#..#
.... ### .##.##.# ...
... .##.# # #.# ..#
.##.# ##.##.# .##.#
######....# .##.#
#†.......##
.##.######.####....##
......>....# #.S@...#
....##.########.w.##.#
............####......#
##...#.###.............
##............##......[#
##.###......[........#..
##.....######. ####### .
#..##.# #.....#


You could see a worm and a ball python.

Vanquished Creatures
  A worm (D:2)
  A dart slug (D:1)
  3 ball pythons
  3 endoplasms
  2 giant cockroaches (D:1)
  2 goblins (D:1)
  A hobgoblin (D:1)
  2 jackals (D:1)
  3 quokkas
  2 bats (D:1)
  6 frilled lizards
  2 kobolds
  5 rats (D:1)
33 creatures vanquished.

Notes
Turn   | Place    | Note
-------+----------+-------------------------------------------
     0 | D:1      | promet the Deep Elf Venom Mage began the quest for the Orb.
     0 | D:1      | Reached XP level 1. HP: 10/10 MP: 6/6
   567 | D:1      | Reached XP level 2. HP: 15/15 MP: 5/8
  2327 | D:2      | Reached XP level 3. HP: 16/20 MP: 9/9
  2330 | D:2      | Learned a level 2 spell: Poisonous Vapours
  2509 | D:2      | Reached skill level 4 in Poison Magic
  2759 | D:2      | Mangled by a worm

Illustrated notes

Levels and vault maps discovered:
D:1:      erik_arrival_triangle_small, layout_basic, minmay_quantized
D:2:      layout_loops_ring, nrook_mini_backslash,
          chequers_serial_rivers_micro_b, minmay_misc_feat_cross

Skill      XL: |  1  2  3 |
---------------+----------+-----
Poison Magic   | 4 |  4.1
Dodging        | 3 |  3.0
Fighting       | |  0.4
Stealth        | |  2.5
Spellcasting   | |  3.4
Transmutations | |  1.1

Action                     || total
---------------------------++-------
  Melee: Unarmed           ||    10
         Hand axe          ||    24
         Dagger            ||     8
   Cast: Sting             ||    55
    Use: Scroll            ||     5
   Stab: Sleeping          ||     4
 Armour: Robe              ||    26
         Leather armour    ||    10
  Dodge: Dodged            ||    39

Table legend: (Time is in decaauts)
 A = Elapsed time spent in this place.
 B = Non-inter-level travel time spent in this place.
 C = Inter-level travel time spent in this place.
 D = Time resting spent in this place.
 E = Time spent auto-exploring this place.
 F = Levels seen in this place.
 G = Mean time per level.
                   A        B        C        D        E       F      G
               +--------+--------+--------+--------+--------+-----+--------+
         Total |   2781 |   2763 |     18 |   1492 |    631 |   2 | 1390.5 |
       Dungeon |   2781 |   2763 |     18 |   1492 |    631 |   2 | 1390.5 |
               +--------+--------+--------+--------+--------+-----+--------+

Top non-repeatable levels by time:
     D:1: 2087 daAuts
     D:2: 693 daAuts
